 Dungeon Crawl Stone Soup version 0.30.0-15-g856e2d3f33 (webtiles) character file.

Game seed: 5331733485060090170

5240 AlmostDecent the Impaler (level 10, -1/79 HPs)
             Began as a Merfolk Berserker on May 19, 2023.
             Was an Elder of Trog.
             Slain by a death yak (24 damage)
             ... on level 8 of the Dungeon on May 20, 2023.
             The game lasted 00:25:15 (7289 turns).

AlmostDecent the Impaler (Merfolk Berserker)        Turns: 7289, Time: 00:25:15

Health: -1/79      AC:  8    Str: 22    XL:     10   Next: 62%
Magic:  10/10      EV: 15    Int: 12    God:    Trog [****..]
Gold:   240        SH:  5    Dex: 14    Spells: 9/9 levels left

rFire   . . .        b - +3 trident (drain)
rCold   . . .        (no shield)
rNeg    . . .        t - +0 leather armour
rPois   .            (no helmet)
rElec   .            (no cloak)
rCorr   .            a - +1 pair of gloves
SInv    +            l - +2 pair of boots
Will    .....        n - amulet of reflection
Stlth   ++           r - +6 ring of intelligence
HPRegen 0.33/turn    s - ring of see invisible
MPRegen 0.12/turn

%: reflection
@: mighty, about to teleport, on berserk cooldown, slowed, very slow
A: (nimble swimmer 2), mertail
a: Renounce Religion, Berserk, Trog's Hand, Brothers in Arms


You were on level 8 of the Dungeon.
You worshipped Trog.
Trog was greatly pleased with you.
You visited 1 branch of the dungeon, and saw 8 of its levels.

You collected 448 gold pieces.
You spent 208 gold pieces at shops.

Inventory:

Hand Weapons
 b - a +3 trident of draining (weapon)
 p - a +0 shortbow of draining
Armour
 a - a +1 pair of gloves (worn)
 l - a +2 pair of boots (worn)
 t - a +0 leather armour (worn)
Jewellery
 c - an amulet of the acrobat
 m - a ring of protection from cold
 n - an amulet of reflection (around neck)
 r - a +6 ring of intelligence (left hand)
 s - a ring of see invisible (right hand)
Wands
 i - a wand of polymorph (14)
 w - a wand of quicksilver (4)
 y - a wand of digging (6)
Scrolls
 e - 2 scrolls of summoning
 f - 3 scrolls of teleportation
 o - a scroll of fear
 v - 2 scrolls of identify
 x - a scroll of poison {unknown}
Potions
 d - 2 potions of curing
 g - a potion of might
 h - 3 potions of flight
 j - 3 potions of brilliance
 k - a potion of berserk rage
 q - a potion of degeneration {unknown}
 u - 2 potions of mutation


   Skills:
 + Level 7.0 Fighting
 * Level 15.7 Polearms
 + Level 3.5 Armour
 + Level 7.3 Dodging
 + Level 4.3 Stealth
 - Level 0.7 Shields


You had 9 spell levels left.
You didn't know any spells.
Your spell library was empty.

Dungeon Overview and Level Annotations

Branches:
Dungeon (8/15)             Temple (0/1) D:5            Lair (0/5) D:8

Altars:
Cheibriados
Gozag
Okawaru
Sif Muna

Shops:
D:1 (   D:6 **   D:7 !:((


Innate Abilities, Weirdness & Mutations

((You are very nimble when in or above water. (Stealth+, EV+, Speed+++)))
Your lower body shifts to a powerful aquatic tail in water.


Message History

You feel very mighty all of a sudden. You block the death yak's attack.
The death yak closely misses you.
You hit the death yak but do no damage.
The death yak is lightly wounded.
The death yak gores you but does no damage.
You impale the death yak!!
The death yak is moderately wounded.
You hear a bellow!
The death yak gores you!
You hit the death yak.
The death yak is moderately wounded.
The death yak gores you.
You barely miss the death yak.
The death yak is moderately wounded.
You feel the effects of Trog's Hand fading.
The death yak barely misses you.
You hit the death yak. You drain the death yak.
The death yak is heavily wounded.
You hit the death yak but do no damage.
The death yak is heavily wounded.
The death yak gores you!!
You puncture the death yak!
The death yak is severely wounded.
You block the death yak's attack.
You hit the death yak. You drain the death yak.
The death yak is severely wounded.
The death yak seems less drained.
The death yak gores you!
* * * LOW HITPOINT WARNING * * *
You feel better.
Your skin stops crawling.
You feel less strong-willed. You block the death yak's attack.
A yak comes into view.
As you read the scroll of fear, it crumbles to dust.
You assume a fearsome visage.
The death yak looks frightened! x3
The death yak resists with almost no effort.
The yak looks frightened! x2; The death yak barely misses you.
As you read the scroll of teleportation, it crumbles to dust.
You feel strangely unstable. The death yak closely misses you.
The death yak gores you!!
You die...

##.## ####..### #.#
##........ #.#
#......... ##)##
##.......#.
##.).#####YYY.......
##.....##..Y#..##.>.
##....Y...Y###..Y#
###.........####..Y...
..'......YYY'Y@#..YY....
###....[....#####.#.YY..
##.....Y.## .##Y#Y.
##.....## ## Y. #
##...## ## ##+##


You could see 3 death yaks and 3 yaks.

Vanquished Creatures
  2 death yaks (D:8)
  Maggie (D:8)
  Grinder (D:4)
  A yak (D:8)
  Eustachio (D:4)
  Edmund (D:4)
  4 water moccasins
  2 orc warriors
  A sky beast (D:6)
  A black bear (D:7)
  2 ogres (D:6)
  A centaur (D:7)
  3 kobold brigands
  3 bullfrogs
  2 scorpions
  5 wights (D:8)
  11 killer bees
  2 electric eels (D:7)
  3 howler monkeys (D:7)
  3 hounds (D:5)
  A quasit (D:5)
  2 jellies (D:7)
  4 orc priests
  2 iguanas (D:5)
  2 sleepcaps
  2 orc wizards
  3 gnolls (D:5)
  8 adders
  4 shadow imps (D:5)
  2 white imps
  2 ufetubi (D:5)
  2 worms
  3 dart slugs
  21 orcs
  9 endoplasms
  A giant cockroach (D:1)
  4 goblins
  5 hobgoblins
  3 jackals (D:2)
  3 quokkas
  10 ball pythons
  9 bats
  A frilled lizard (D:3)
  17 kobolds
  A rat (D:2)
171 creatures vanquished.

Notes
Turn   | Place    | Note
-------+----------+-------------------------------------------
     0 | D:1      | AlmostDecent the Merfolk Berserker began the quest for the
                  | Orb.
     0 | D:1      | Reached XP level 1. HP: 18/18 MP: 1/1
   150 | D:1      | Reached XP level 2. HP: 17/24 MP: 2/2
   456 | D:1      | Found Tagecwu's Antique Weapon Boutique.
   728 | D:1      | Found a faded altar of an unknown god.
   731 | D:1      | Reached ** piety under Trog
   937 | D:2      | Reached XP level 3. HP: 15/29 MP: 3/3
   952 | D:2      | Reached skill level 5 in Polearms
  1608 | D:2      | Reached XP level 4. HP: 37/37 MP: 4/4
  2515 | D:3      | Noticed a kobold brigand
  2540 | D:3      | Killed a kobold brigand
  2541 | D:3      | Reached skill level 6 in Polearms
  2541 | D:3      | Reached XP level 5. HP: 42/42 MP: 5/5
  2728 | D:3      | Noticed a kobold brigand
  2743 | D:3      | Killed a kobold brigand
  2744 | D:3      | Reached skill level 7 in Polearms
  2744 | D:3      | Reached skill level 1 in Stealth
  2744 | D:3      | Reached XP level 6. HP: 46/48 MP: 6/6
  2852 | D:3      | Reached *** piety under Trog
  2915 | D:4      | Noticed a water moccasin
  2923 | D:4      | Killed a water moccasin
  2976 | D:4      | Noticed an orc warrior
  2995 | D:4      | Killed an orc warrior
  2996 | D:4      | Reached skill level 8 in Polearms
  2996 | D:4      | Reached XP level 7. HP: 37/55 MP: 7/7
  3234 | D:4      | Noticed Grinder
  3238 | D:4      | Paralysed by Grinder for 4 turns
  3251 | D:4      | Killed Grinder
  3252 | D:4      | Reached skill level 9 in Polearms
  3378 | D:4      | Noticed Edmund
  3392 | D:4      | Killed Edmund
  3451 | D:4      | Noticed Eustachio
  3463 | D:4      | Killed Eustachio
  3464 | D:4      | Reached skill level 10 in Polearms
  3464 | D:4      | Reached skill level 5 in Dodging
  3464 | D:4      | Reached XP level 8. HP: 61/61 MP: 8/8
  3568 | D:5      | Entered Level 5 of the Dungeon
  3743 | D:5      | Reached skill level 5 in Fighting
  3917 | D:5      | Found a staircase to the Ecumenical Temple.
  3947 | D:5      | Reached skill level 11 in Polearms
  5126 | D:6      | Found Tyqautet's General Store.
  5128 | D:6      | Found Jocel's Specific Store.
  5136 | D:6      | Bought a scroll of identify for 24 gold pieces
  5136 | D:6      | Bought a scroll of brand weapon for 114 gold pieces
  5206 | D:6      | Reached skill level 12 in Polearms
  5345 | D:6      | Reached XP level 9. HP: 68/68 MP: 9/9
  5636 | D:7      | Found Nihezeij's Weapon Boutique.
  5692 | D:7      | Found Worghu's Book Boutique.
  5724 | D:7      | Reached **** piety under Trog
  5733 | D:7      | Found Meci's Distillery.
  5741 | D:7      | Bought a potion of curing for 30 gold pieces
  5741 | D:7      | Bought a potion of might for 40 gold pieces
  5776 | D:7      | Reached skill level 13 in Polearms
  5919 | D:7      | Found Savu's Antique Weapon Emporium.
  6098 | D:7      | Identified the staff of death "Eboca" {*Slow rN+ Int+7
                  | SInv}
  6117 | D:7      | Found a shimmering blue altar of Sif Muna.
  6118 | D:7      | Found an iron altar of Okawaru.
  6403 | D:7      | Found an opulent altar of Gozag.
  6666 | D:8      | Found a snail-covered altar of Cheibriados.
  6782 | D:8      | Reached skill level 14 in Polearms
  6805 | D:8      | Reached XP level 10. HP: 69/75 MP: 10/10
  7020 | D:8      | Noticed Maggie
  7032 | D:8      | Killed Maggie
  7223 | D:8      | Found a staircase to the Lair.
  7223 | D:8      | Noticed a death yak
  7223 | D:8      | Noticed a death yak
  7224 | D:8      | Noticed a death yak
  7224 | D:8      | Noticed a death yak
  7224 | D:8      | Noticed a death yak
  7246 | D:8      | Killed a death yak
  7247 | D:8      | Reached skill level 15 in Polearms
  7264 | D:8      | Killed a death yak
  7270 | D:8      | Noticed a death yak
  7289 | D:8      | Slain by a death yak

Illustrated notes

Levels and vault maps discovered:
D:1:      saegor_arrival_simple_d, layout_loops_ring, serial_shops, shop,
          shapermc_ecumenical_altar_gd
D:2:      layout_loops_corners
D:3:      cheibrodos_thug_alley, layout_loops_ring, hangedman_decor_lopped,
          small_statue_alley_b
D:4:      layout_rooms, uniq_grinder, uniq_eustachio, uniq_edmund
D:5:      minmay_evil_eye, layout_basic, minmay_temple_entry_offerings,
          serial_demonic, serial_demonic_a, serial_demonic_c, serial_demonic_f,
          serial_demonic_b
D:6:      layout_loops_cross, nicolae_specific_store
D:7:      layout_gridville, mainiacjoe_overflow_alcove_2,
          nicolae_overflow_two_pavilions, serial_shops,
          nicolae_shop_window_shopping, nicolae_shop_statue_plus,
          nicolae_shop_real_fake_doors, nicolae_shop_stone
D:8:      layout_loops_corners, cheibriados_altar_1, dpeg_lair_monsters,
          uniq_erica, uniq_maggie

Skill      XL: |  1  2  3  4  5  6  7  8  9 10 |
---------------+-------------------------------+-----
Polearms       | 5 6 7 8 10 12 14 15 | 15.7
Dodging        | 3 4 5 6 7 |  7.3
Fighting       | 4 5 6 7 |  7.0
Stealth        | 1 2 3 4 |  4.3
Armour         | 2 3 |  3.5
Shields        | |  0.7

Action                     |  1- 3 |  4- 6 |  7- 9 | 10-12 || total
---------------------------+-------+-------+-------+-------++-------
  Melee: Spear             |   119 |    52 |       |       ||   171
         Punch             |     2 |     2 |     5 |     1 ||    10
         Trident           |       |    87 |   323 |    97 ||   507
 Invoke: Berserk           |     1 |     4 |     8 |     1 ||    14
         Trog's Hand       |       |       |       |     1 ||     1
    Use: Scroll            |       |       |    14 |     2 ||    16
         Potion            |       |       |       |     3 ||     3
   Stab: Sleeping          |     2 |     2 |     3 |       ||     7
 Armour: Animal skin       |    19 |    10 |     1 |       ||    30
         Leather armour    |       |       |    53 |     6 ||    59
  Dodge: Dodged            |    55 |    44 |   122 |    27 ||   248
  Block: Other             |       |    18 |    42 |    10 ||    70
         Reflection        |       |     1 |     2 |     1 ||     4
